 Dungeon Crawl Stone Soup version 0.24-a0-725-gf1a930fc54 (webtiles) character file.

Game seed: 15889418657222846204, levelgen mode: deterministic

44 Kohma the Chopper (level 3, -2/31 HPs)
             Began as a Hill Orc Abyssal Knight on Oct 1, 2019.
             Was a Believer of Lugonu.
             Slain by an ogre
             ... wielding a +0 giant club
              (18 damage)
             ... on level 2 of the Dungeon.
             The game lasted 00:03:26 (1289 turns).

Kohma the Chopper (Hill Orc Abyssal Knight)         Turns: 1289, Time: 00:03:26

Health: -2/31      AC:  3    Str: 15    XL:     3   Next: 62%
Magic:  5/5        EV: 11    Int: 12    God:    Lugonu [**....]
Gold:   102        SH:  0    Dex: 10    Spells: 2/2 levels left

rFire    . . .     SeeInvis .   a - +1 hand axe
rCold    . . .     Gourm    .   (no shield)
rNeg     . . .     Faith    .   b - +0 leather armour
rPois    .         Spirit   .   (no helmet)
rElec    .         Reflect  .   (no cloak)
rCorr    .         Harm     .   (no gloves)
MR       .....                  (no boots)
Stlth    +.........             (no amulet)
HPRegen  0.10/turn              (no ring)
MPRegen  0.09/turn              (no ring)

@: no status effects
A: no striking features
a: Depart the Abyss, Bend Space, Renounce Religion


You were on level 2 of the Dungeon.
You worshipped Lugonu.
Lugonu was pleased with you.
You were not hungry.

You visited 1 branch of the dungeon, and saw 2 of its levels.
You visited the Abyss 1 time.

You collected 102 gold pieces.

Inventory:

Hand Weapons
 a - a +1 hand axe (weapon)
Missiles
 i - 43 stones
 l - 13 sling bullets
 q - 8 poisoned darts (quivered)
Armour
 b - a +0 leather armour (worn)
Scrolls
 f - 2 scrolls of teleportation {unknown}
 h - 5 scrolls of identify {unknown}
 j - 2 scrolls of amnesia {unknown}
 k - a scroll of noise {unknown}
 m - a scroll of fear {unknown}
 n - a scroll of immolation {unknown}
 o - a scroll of remove curse {unknown}
 r - a scroll of blinking {unknown}
Potions
 d - a potion of brilliance {unknown}
 e - a potion of degeneration {unknown}
 g - a potion of curing {unknown}
 s - a potion of agility {unknown}
Comestibles
 c - 3 rations
 p - 5 chunks of flesh


   Skills:
 - Level 3.6 Fighting
 * Level 4.5 Axes
 - Level 2.1 Armour
 - Level 0.7 Dodging
 + Level 3.4 Invocations


You had 2 spell levels left.
You didn't know any spells.
Your spell library was empty.

Dungeon Overview and Level Annotations

Branches:
Dungeon (2/15)

Altars:


Message History

You kill the jackal!
Lugonu accepts your kill.
You see here a jackal corpse.
You butcher the jackal corpse.
p - 5 chunks of flesh (gained 3)
You see here a jackal skeleton.
Found a stone staircase leading down.
An ogre comes into view. It is wielding a +0 giant club.
The ogre moves out of view.
A worm comes into view.
A worm is nearby!
A goblin comes into view.
The goblin shouts!
Found 20 sling bullets.
You barely miss the ogre. The ogre hits you with a +0 giant club!
You hit the ogre.
The ogre is lightly wounded.
The ogre hits you with a +0 giant club!!
Ouch! That really hurt!
You die...

#... #... #....
#...w ###
###########
#..... .>.
...........
#..(..####.#
#.####.###
#....gO.##.# #.#
#@##.# #.#
#.##.#
#.####.###
#....#
#......<..
####.#
#####..... #.#
#..... #.#
#.)..( #.#
#.....
#.########.....
#.......รท......


You could see an ogre, a worm and a goblin.

Vanquished Creatures
  A dart slug (D:1)
  A leopard gecko (D:2)
  5 giant cockroaches (D:1)
  4 goblins (D:1)
  7 hobgoblins (D:1)
  2 jackals (D:2)
  2 ball pythons (D:1)
  4 bats
  4 frilled lizards
  7 kobolds
  A rat (D:1)
38 creatures vanquished.

Notes
Turn   | Place    | Note
-------+----------+-------------------------------------------
     0 | Abyss:1  | Kohma the Hill Orc Abyssal Knight began the quest for the
                  | Orb.
     0 | Abyss:1  | Reached XP level 1. HP: 19/19 MP: 2/2
    39 | Abyss:1  | Noticed a small abomination
    48 | D:1      | Escaped the Abyss
    95 | D:1      | Reached skill level 3 in Axes
   243 | D:1      | Reached XP level 2. HP: 24/26 MP: 4/4
   791 | D:1      | Reached skill level 4 in Axes
   792 | D:1      | Reached XP level 3. HP: 18/31 MP: 5/5
   802 | D:1      | Reached ** piety under Lugonu
  1285 | D:2      | Noticed an ogre
  1289 | D:2      | Slain by an ogre

Levels and vault maps discovered:
D:1:      dpeg_arrival_tiny_d, layout_basic, minmay_nonomino_d4
D:2:      layout_basic, okawaru_metal_pillars_3

Skill      XL: |  1  2 |
---------------+-------+-----
Axes           | 3 4 |  4.5
Invocations    | 3 |  3.4
Fighting       | |  3.6
Armour         | |  2.1
Dodging        | |  0.7

Action                   || total
-------------------------++-------
Melee: Hand axe          ||   141
Throw: Stone             ||     2
  Eat: Chunk             ||     1
Armor: Leather armour    ||    40
Dodge: Dodged            ||    96

Table legend:
 A = Non-vault XP
 B = Vault XP
 C = Vault XP percentage of total XP
 D = Non-vault monster count
 E = Vault monster count
 F = Vault count percentage of total count
                 A         B        C        D         E       F
            +---------+---------+-------+---------+---------+-------
      Total |      54 |      10 |  15.6 |      32 |       6 |  15.8
            +---------+---------+-------+---------+---------+-------
        D:1 |      40 |      10 |  20.0 |      24 |       6 |  20.0
        D:2 |      14 |       0 |   0.0 |       8 |       0 |   0.0
            +---------+---------+-------+---------+---------+-------
